 Dungeon Crawl Stone Soup version 0.21.1-1-g345015fe64 (webtiles) character file.

186 Lothor the Cudgeler (level 5, 0/46 HPs)
             Began as a Hill Orc Fighter on Mar 19, 2018.
             Slain by a quokka (3 damage)
             ... on level 3 of the Dungeon.
             The game lasted 00:13:03 (3496 turns).

Lothor the Cudgeler (Hill Orc Fighter)              Turns: 3496, Time: 00:13:04

Health: 0/46       AC: 10    Str: 20    XL:     5   Next: 66%
Magic:  5/5        EV:  5    Int:  8    God:
Gold:   174        SH:  9    Dex: 10    Spells: 4/4 levels left

rFire    . . .     SeeInvis .   q - -2 whip (curse)
rCold    . . .     Gourm    .   c - +0 shield
rNeg     . . .     Faith    .   i - +0 chain mail (curse)
rPois    .         Spirit   .   (no helmet)
rElec    .         Reflect  .   t - +0 cloak
rCorr    .         Harm     .   (no gloves)
MR       +....                  (no boots)
Stlth    ..........             (no amulet)
HPRegen  0.15/turn              j - ring of protection from magic
MPRegen  0.09/turn              (no ring)

@: starving
A: no striking features
a: no special abilities


You were on level 3 of the Dungeon.
You were starving.

You visited 1 branch of the dungeon, and saw 3 of its levels.

You collected 174 gold pieces.

Inventory:

Hand Weapons
 a - a +0 flail
 q - a cursed -2 whip (weapon)
Missiles
 o - 31 arrows
Armour
 b - a +0 scale mail
 c - a +0 shield (worn)
 i - a cursed +0 chain mail (worn)
 t - a +0 cloak (worn)
Jewellery
 j - a ring of protection from magic (left hand)
Scrolls
 g - a scroll of magic mapping {unknown}
 k - 5 scrolls of identify {unknown}
 n - 2 scrolls of teleportation {unknown}
 p - a scroll of immolation {unknown}
 r - a scroll of amnesia {unknown}
 s - a scroll of random uselessness {unknown}
 u - a scroll of fog {unknown}
Potions
 d - 3 potions of might
 e - 2 potions of flight {unknown}
 h - 2 potions of haste {unknown}
 l - 2 potions of curing {unknown}
 m - a potion of degeneration {unknown}
Comestibles
 f - 6 rations


   Skills:
 - Level 4.1 Fighting
 + Level 5.3 Maces & Flails
 - Level 3.8 Armour
 - Level 0.3 Dodging
 - Level 3.5 Shields


You had 4 spell levels left.
You didn't know any spells.

Dungeon Overview and Level Annotations

Branches:
Dungeon (3/15)

Altars:
Dithmenos
Vehumet


Message History

The quokka bites you but does no damage.
You closely miss the hobgoblin. You block the quokka's attack.
The quokka bites you.
* * * LOW HITPOINT WARNING * * *
The hobgoblin hits you but does no damage.
You hit the hobgoblin but do no damage. You block the quokka's attack.
The quokka bites you but does no damage.
You barely miss the hobgoblin. The quokka barely misses you.
The hobgoblin hits you with a falchion of protection.
* * * LOW HITPOINT WARNING * * *
The quokka bites you but does no damage.
Your shield prevents you from hitting the hobgoblin.
The quokka twitches its whiskers.
You block the quokka's attack.
The quokka bites you but does no damage.
You block the hobgoblin's attack.
You closely miss the hobgoblin. You block the quokka's attack. x2
The hobgoblin hits you but does no damage.
You hit the hobgoblin but do no damage. The quokka bites you.
You die...

##### ... #...# ....# #...#
... #...# ... #...# #.#
#...# #.# #
####.).########.######.####
.>.()...........@g.........
..(.............rr.........
..#################.##.####
.(.# ...# # ...# ....# ...#
.....# ...## #.....# #...#
#...... #...# #####+##


You could see 2 quokkas and a hobgoblin.

Vanquished Creatures
  An orc priest (D:3)
  5 adders
  2 oozes
  2 worms (D:2)
  5 dart slugs
  3 orcs (D:3)
  7 giant cockroaches
  8 goblins
  9 hobgoblins
  11 jackals
  3 kobolds
  7 bats
  4 frilled lizards
  15 rats
82 creatures vanquished.

Notes
Turn   | Place    | Note
-------+----------+-------------------------------------------
     0 | D:1      | Lothor the Hill Orc Fighter began the quest for the Orb.
     0 | D:1      | Reached XP level 1. HP: 19/19 MP: 1/1
    82 | D:1      | Reached XP level 2. HP: 7/27 MP: 2/2
   614 | D:1      | Reached XP level 3. HP: 32/33 MP: 3/3
   956 | D:1      | Reached skill level 3 in Maces & Flails
  1392 | D:2      | Reached XP level 4. HP: 38/40 MP: 4/4
  1920 | D:2      | Found a shadowy altar of Dithmenos.
  2026 | D:2      | Reached skill level 4 in Maces & Flails
  2770 | D:3      | Reached XP level 5. HP: 39/46 MP: 5/5
  3204 | D:3      | Found a radiant altar of Vehumet.
  3304 | D:3      | Reached skill level 5 in Maces & Flails
  3493 | D:3      | HP: 2/46 [hobgoblin/falchion of protection (1)]
  3496 | D:3      | Slain by a quokka

Skill      XL: |  1  2  3  4  5 |
---------------+----------------+-----
Fighting       | 4 |  4.1
Maces & Flails | 3 4 5 |  5.3
Armour         | |  3.8
Dodging        | |  0.3
Shields        | |  3.5

Action                   |  1- 3 |  4- 6 || total
-------------------------+-------+-------++-------
Melee: Flail             |    94 |       ||    94
       Whip              |    86 |   451 ||   537
  Eat: Chunk             |     1 |     6 ||     7
Armor: Scale mail        |    31 |       ||    31
       Chain mail        |   107 |   262 ||   369
Dodge: Dodged            |    52 |   117 ||   169
Block: Shield            |   138 |   256 ||   394
